 Dungeon Crawl Stone Soup version 0.27-a0-406-g23f261fbd2 (webtiles) character file.

Game seed: 2605180390498325834

1798 tilp the Insei (level 9, -2/58 HPs)
             Began as an Octopode Transmuter on Feb 22, 2021.
             Was a Follower of Okawaru.
             Killed by nerve-wracking pain
             ... invoked by an orc priest
              (5 damage)
             ... on level 6 of the Dungeon.
             The game lasted 00:11:29 (7093 turns).

tilp the Insei (Octopode Transmuter)                Turns: 7093, Time: 00:11:29

Health: -2/58      AC:  1    Str:  9    XL:     9   Next: 9%
Magic:  15/15      EV: 13    Int: 18    God:    Okawaru [*.....]
Gold:   25         SH:  5    Dex: 13    Spells: 10/16 levels left

rFire    . . .     SeeInvis .     - Unarmed
rCold    . . .     Faith    .   s - +0 buckler
rNeg     . . .     Spirit   .   (helmet currently unavailable)
rPois    .         Reflect  .   t - amulet of regeneration
rElec    .         Harm     .   a - ring of willpower
rCorr    .         Rampage  .   j - ring of flight
Will     +....                  (no ring)
Stlth    +++.......             (no ring)
HPRegen  1.19/turn              (no ring)
MPRegen  0.14/turn              (no ring)
                                (no ring)
                                (no ring)

@: lethally poisoned (-2 -> -2), about to teleport, appendages, wereblooded
A: almost no armour, stealthy swim, amphibious, 8 rings, constrict 8, tentacle
spike 3, camouflage 1, gelatinous body 1
a: End Transformation, Renounce Religion, Evoke Flight, Heroism


You were on level 6 of the Dungeon.
You worshipped Okawaru.
Okawaru was aware of your devotion.
One of your tentacles had a temporary spike.
You visited 2 branches of the dungeon, and saw 7 of its levels.

You collected 294 gold pieces.
You spent 269 gold pieces at shops.

Inventory:

Missiles
 b - 3 boomerangs
 c - 74 stones
 x - 13 poisoned darts (quivered)
Armour
 s - a +0 buckler (worn)
Magical Staves
 q - a staff of cold
Jewellery
 a - a ring of willpower (left tentacle)
 j - a ring of flight (right tentacle)
 t - an amulet of regeneration (around mantle)
Scrolls
 g - a scroll of amnesia
 h - 3 scrolls of enchant weapon
 i - a scroll of immolation {unknown}
 k - a scroll of fog {unknown}
Potions
 d - a potion of curing
 e - 3 potions of haste
 l - a potion of attraction
 m - a potion of heal wounds
 o - a potion of ambrosia {unknown}
 p - 3 potions of brilliance {unknown}
 r - a potion of magic {unknown}


   Skills:
 - Level 4.0 Fighting
 - Level 2.0 Dodging
 - Level 4.0 Stealth
 - Level 4.0 Shields
 - Level 6.0 Unarmed Combat
 - Level 4.0 Spellcasting
 + Level 5.5 Transmutations
 - Level 2.0 Poison Magic
 - Level 4.0 Invocations


You had 10 spell levels left.
You knew the following spells:

 Your Spells              Type           Power        Failure   Level
a - Beastly Appendage     Tmut           46%          1%          1
b - Wereblood             Tmut           23%          2%          2
c - Spider Form           Tmut/Pois      8%           10%         3

Your spell library contained the following spells:

 Spells                   Type           Power        Failure   Level
 Blade Hands              Tmut           11%          38%         5
 Ice Form                 Ice/Tmut       13%          43%         4


Dungeon Overview and Level Annotations

Branches:
Dungeon (6/15)             Temple (1/1) D:5

Altars:
Ashenzari
Dithmenos
Hepliaklqana
Makhleb
Nemelex Xobeh
Okawaru
Qazlal
Sif Muna
Vehumet
Wu Jian
Xom
Zin
The Shining One

Shops:
D:4 [   D:5 **?

Portals:
Sewer: D:6


Innate Abilities, Weirdness & Mutations

You cannot wear most types of armour.
You are very stealthy in the water. (Stealth+)
You are amphibious.
You can wear up to eight rings at the same time.
You can use your tentacles to constrict eight enemies at once.
Your skin changes colour to match your surroundings (Stealth+).
Your rubbery body absorbs attacks. (AC +1, EV +1)
One of your tentacles bears a large vicious spike.


Message History

The gnoll hits you from afar with a +0 spear.
You block the orc's attack.
Unknown command.
You bludgeon the gnoll!
You pierce the gnoll.
You kill the gnoll!
Okawaru accepts your kill. The gnoll barely misses you.
The orc barely misses you.
Unknown command.
You bludgeon the orc!
You kill the orc!
Okawaru accepts your kill.
The worker ant bites you but does no damage.
An orc comes into view. It is wielding a +0 hand axe.
The orc priest mumbles some strange prayers to Beogh against you.
Beogh smites you!
* * * LOW HITPOINT WARNING * * *
You block the gnoll's attack.
An orc comes into view. It is wielding a +0 war axe.
The orc priest hits you with a +0 dagger.
* * * LOW HITPOINT WARNING * * *
The gnoll hits you with a +0 spear!
* * * LOW HITPOINT WARNING * * *
The worker ant closely misses you.
You see here a +0 spear.
Unknown command.
You barely miss the gnoll. You grab the gnoll.
You squeeze the gnoll, but do no damage.
You constrict the gnoll.
The orc priest hits you but does no damage.
The gnoll hits you with a +0 spear.
* * * LOW HITPOINT WARNING * * *
The worker ant bites you.
* * * LOW HITPOINT WARNING * * *
You are more poisoned.
The worker ant poisons you!
As you read the scroll of teleportation, it crumbles to dust.
You feel strangely unstable.
You constrict the gnoll.
You feel sick.
The orc priest mumbles some strange prayers to Beogh against you.
Pain shoots through your body!
You die...

≈#...##................##**,**,,,
≈#...#....................,,,***,
##........................,,,,***
...............>.........?,,,,,**
......>##...............#,.,,,,,,
........###.............#..**,,**
.......#*#.......!.........**,,*,
.......###.......o........#,,,,,,
...[....#.......@Boo.....##,,*,,,
...............g)o#........,,,,,,
.........#...#.#####o...o..,,,,**
........,#...#.#* *.......,*,***
........,#..,#..****.......,*****
..........o.,Zg.**,,.......,,***,
...........,,...,,,,o......,,**,,
)..........,.....,,,.......,,***.
...#....,,,,...,,,,,.......,,,,,.


You could see a worker ant, an orc priest, a gnoll and 3 orcs.

Vanquished Creatures
  Pikel (D:6)
  Sigmund (D:6)
  An ice beast (D:5)
  2 ogres
  A scorpion (D:5)
  A bullfrog zombie (D:6)
  2 hounds
  An orc priest (D:4)
  A bullfrog skeleton (D:5)
  2 iguanas
  6 worker ants
  Natasha (thrice) (D:3)
  3 orc wizards
  A worker ant zombie (D:5)
  3 gnolls (D:6)
  A howler monkey skeleton (D:5)
  13 adders
  A white imp (Temple)
  2 oozes
  2 worms
  5 dart slugs
  6 leopard geckos
  9 orcs
  6 bats
  5 giant cockroaches
  6 goblins
  6 hobgoblins
  14 jackals
  2 quokkas
  7 ball pythons
  4 frilled lizards
  11 kobolds
  A leopard gecko zombie (D:6)
  2 quokka skeletons
  6 rats
138 creatures vanquished.

Vanquished Creatures (others)
  An ogre (D:5)
  A bat (D:1)
  15 plants (D:3)
17 creatures vanquished.

Grand Total: 155 creatures vanquished

Notes
Turn   | Place    | Note
-------+----------+-------------------------------------------
     0 | D:1      | tilp the Octopode Transmuter began the quest for the Orb.
     0 | D:1      | Reached XP level 1. HP: 13/13 MP: 3/3
    42 | D:1      | Reached skill level 1 in Stealth
    45 | D:1      | Reached XP level 2. HP: 17/18 MP: 1/5
    59 | D:1      | Learned a level 2 spell: Wereblood
   609 | D:1      | Reached XP level 3. HP: 23/23 MP: 4/6
   613 | D:1      | Learned a level 3 spell: Spider Form
  1673 | D:2      | Reached XP level 4. HP: 18/29 MP: 5/7
  2387 | D:2      | HP: 1/29 [poisoned by an adder]
  3619 | D:3      | Noticed Natasha
  3628 | D:3      | Killed Natasha
  3629 | D:3      | Reached skill level 4 in Unarmed Combat
  3629 | D:3      | Reached XP level 5. HP: 30/35 MP: 6/8
  3727 | D:3      | Found a hazy altar of Hepliaklqana.
  4215 | D:3      | Noticed Natasha
  4222 | D:3      | Killed Natasha
  4303 | D:3      | Noticed Natasha
  4311 | D:3      | Killed Natasha
  4568 | D:4      | Reached XP level 6. HP: 37/42 MP: 5/9
  5070 | D:4      | Reached skill level 5 in Unarmed Combat
  5117 | D:4      | Found Ojutugox's Antique Armour Shoppe.
  5126 | D:4      | Bought a buckler for 117 gold pieces
  5268 | D:4      | Reached XP level 7. HP: 43/48 MP: 7/10
  5446 | D:5      | Entered Level 5 of the Dungeon
  5552 | D:5      | Reached skill level 6 in Unarmed Combat
  5594 | D:5      | Found a shimmering blue altar of Sif Muna.
  5608 | D:5      | Found a staircase to the Ecumenical Temple.
  5618 | D:5      | Reached skill level 1 in Shields
  5627 | D:5      | Found Nasaq's General Store.
  5654 | D:5      | Bought a potion of heal wounds for 55 gold pieces
  5672 | Temple   | Entered the Ecumenical Temple
  5774 | Temple   | Became a worshipper of Warmaster Okawaru
  5859 | D:5      | Reached skill level 1 in Invocations
  6228 | D:5      | Found Fexty's General Store.
  6233 | D:5      | Bought a scroll of magic mapping for 52 gold pieces
  6416 | D:5      | Found Zubb's Magic Scroll Shoppe.
  6433 | D:5      | Reached skill level 1 in Poison Magic
  6433 | D:5      | Reached XP level 8. HP: 31/54 MP: 11/11
  6444 | D:5      | Bought a scroll of identify for 30 gold pieces
  6444 | D:5      | Bought a scroll of random uselessness for 15 gold pieces
  6519 | D:5      | Found a shadowy altar of Dithmenos.
  6865 | D:6      | Noticed Pikel
  6871 | D:6      | Killed Pikel
  6871 | D:6      | Reached * piety under Okawaru
  6895 | D:6      | Found a glowing drain.
  6978 | D:6      | Noticed Sigmund
  6989 | D:6      | Killed Sigmund
  7024 | D:6      | Reached XP level 9. HP: 53/58 MP: 12/15
  7077 | D:6      | Reached skill level 5 in Transmutations
  7092 | D:6      | HP: 2/58 [worker ant (2)]
  7093 | D:6      | Killed from afar by an orc priest

Illustrated notes

Levels and vault maps discovered:
D:1:      minmay_arrival_arboretum_small, layout_basic, minmay_small_reverse_x
D:2:      layout_rooms, minmay_split_cup_large
D:3:      layout_rooms, lemuel_doored_altar, serial_bayou, serial_bayou_pond_c,
          serial_bayou_pond_a, serial_bayou_crossing, serial_bayou_ford_a,
          kennysheep_generic_room_6, uniq_natasha
D:4:      layout_rooms, nicolae_overflow_hidden_temple, serial_shops, shop
D:5:      layout_basic, lemuel_blue_sif_altar,
          minmay_temple_entry_statues_fountains, serial_shops,
          kennysheep_little_box, shop_scrolls, shop, dk_noncrumbling_2,
          lemuel_statue_altar
D:6:      layout_cave_pools, gammafunk_ghost_grave, portal_sewer_entry_c,
          uniq_sigmund, uniq_pikel
Temple:   compressed_dpeg_circular_temple

Skill      XL: |  1  2  3  4  5  6  7  8  9 |
---------------+----------------------------+-----
Stealth        | 2 3 4 |  4.0
Fighting       | 2 3 4 |  4.0
Unarmed Combat | 4 5 6 |  6.0
Shields        | 2 4 |  4.0
Invocations    | 4 |  4.0
Poison Magic   | 1 2 |  2.0
Spellcasting   | 4 |  4.0
Transmutations | 4 5 |  5.5
Dodging        | |  2.0

Action                   |  1- 3 |  4- 6 |  7- 9 || total
-------------------------+-------+-------+-------++-------
Melee: Unarmed           |    71 |   137 |   142 ||   350
       Kick              |    15 |    20 |    30 ||    65
       Constrict         |    19 |    31 |    34 ||    84
       Tentacles         |    10 |    15 |    32 ||    57
       Punch             |     1 |     4 |     6 ||    11
Throw: Dart              |       |     5 |    13 ||    18
       Boomerang         |       |     6 |     7 ||    13
 Cast: Beastly Appendage |     6 |    22 |    17 ||    45
       Wereblood         |     1 |     2 |     5 ||     8
       Spider Form       |       |       |     1 ||     1
Invok: Heroism           |       |       |     1 ||     1
Evoke: Wand              |       |       |     1 ||     1
  Use: Potion            |       |     3 |     2 ||     5
       Scroll            |       |     4 |     4 ||     8
 Stab: Sleeping          |     8 |     9 |     1 ||    18
       Distracted        |       |     1 |       ||     1
Armor: Skin              |     3 |     9 |     8 ||    20
Dodge: Dodged            |    42 |    64 |    76 ||   182
Block: Buckler           |       |       |    17 ||    17

Table legend: (Time is in decaauts)
 A = Elapsed time spent in this place.
 B = Non-inter-level travel time spent in this place.
 C = Inter-level travel time spent in this place.
 D = Time resting spent in this place.
 E = Time spent auto-exploring this place.
 F = Levels seen in this place.
 G = Mean time per level.
                   A        B        C        D        E       F      G
               +--------+--------+--------+--------+--------+-----+--------+
         Total |   7085 |   6677 |    408 |   2437 |   3219 |   7 | 1012.1 |
       Dungeon |   6692 |   6326 |    366 |   2187 |   3143 |   6 | 1115.3 |
        Temple |    392 |    350 |     42 |    250 |     76 |   1 |  392.0 |
               +--------+--------+--------+--------+--------+-----+--------+

Top non-repeatable levels by time:
     D:1: 1618 daAuts
     D:2: 1531 daAuts
     D:3: 1233 daAuts
     D:4: 1064 daAuts
     D:5: 1019 daAuts
  Temple: 392 daAuts
     D:6: 226 daAuts
